 Dungeon Crawl Stone Soup version 0.31-a0-507-gbafd7f5274 (webtiles) character file.

Game seed: 4555645250046611096

4855 jlumianski the Trooper (level 10, -6/76 HPs)
             Began as a Djinni Fire Elementalist on Aug 9, 2023.
             Mangled by a yak (9 damage)
             ... on level 9 of the Dungeon.
             The game lasted 01:04:11 (7871 turns).

jlumianski the Trooper (Djinni Fire Elementalist)   Turns: 7871, Time: 01:04:12

Health: -6/76      AC:  7    Str:  6 (7)  XL:     10   Next: 78%
Gold:   246        EV: 13    Int: 21      God:
                   SH:  0    Dex: 17 (20)

rFire   + + .        O - +4 short sword (freeze)
rCold   + . .        (no shield)
rNeg    . . .        U - +1 leather armour of Pacroj {rC++ SInv}
rPois   ∞            f - +2 helmet
rElec   .            (no cloak)
rCorr   .            (no gloves)
SInv    +            (boots unavailable)
Will    +....        F - amulet of regeneration
Stlth   +++          V - ring of wizardry
HPRegen 1.92/turn    K - +6 ring of dexterity
MPRegen 0.00/turn

%: wizardry (x1), infuse magic (-7 HP)
@: flying
A: sickness immunity, fire resistance 2, cold vulnerability 1, float, innate
caster, HP casting, extra vitality 1, mutation resistance 1, regeneration 1
a: no special abilities


You were on level 9 of the Dungeon.
You visited 2 branches of the dungeon, and saw 10 of its levels.
You also visited: Sewer.

You collected 379 gold pieces.
You spent 133 gold pieces at shops.

Inventory:

Hand Weapons
 w - a +1 short sword of electrocution
 y - a +1 dagger of venom
 H - a +2 short sword of draining
 I - a +0 rapier
 N - a +4 battleaxe
 O - a +4 short sword of freezing (weapon)
 P - a +4 great sword
 S - a +8 spear of freezing
 X - a +0 broad axe
Missiles
 g - 19 poisoned darts
 t - 10 javelins (quivered)
 u - 5 boomerangs
 R - 4 throwing nets
Armour
 f - a +2 helmet (worn)
 m - a +1 hat
 U - the +1 leather armour of Pacroj (worn) {rC++ SInv}
   (You bought it in a shop on level 6 of the Dungeon)

   rC++:      It greatly protects you from cold.
   SInv:      It lets you see invisible.
Jewellery
 b - a ring of wizardry
 p - a +6 ring of intelligence
 F - an amulet of regeneration (around neck)
 K - a +6 ring of dexterity (right hand)
 V - a ring of wizardry (left hand)
 Y - a ring of see invisible
 Z - a +5 ring of evasion
Wands
 G - a wand of light (4)
 L - a wand of flame (34)
Scrolls
 d - a scroll of blinking {unknown}
 e - a scroll of revelation
 i - a scroll of silence
 l - a scroll of vulnerability
 n - 4 scrolls of teleportation
 r - a scroll of poison
 E - a scroll of fear
 J - 2 scrolls of enchant armour
 M - 2 scrolls of enchant weapon
Potions
 a - a potion of degeneration
 c - 2 potions of haste
 j - 3 potions of enlightenment
 k - 3 potions of attraction
 o - a potion of resistance
 q - 2 potions of might
 s - a potion of brilliance
 x - a potion of heal wounds
 B - 5 potions of curing
 C - 2 potions of mutation
 D - a potion of invisibility
 W - a potion of cancellation {unknown}


   Skills:
 * Level 7.8 Fighting
 * Level 7.2 Short Blades
 + Level 1.8 Armour
 + Level 5.2 Dodging
 + Level 4.0 Stealth
 * Level 6.6 Spellcasting
 * Level 6.6 Conjurations
 * Level 6.6 Hexes
 * Level 6.6 Summonings
 * Level 6.6 Necromancy
 * Level 6.6 Translocations
 * Level 6.6 Transmutations
 * Level 6.6 Fire Magic
 * Level 6.6 Ice Magic
 * Level 6.6 Air Magic
 * Level 6.6 Earth Magic
 * Level 6.6 Poison Magic
 + Level 0.4 Evocations


You knew the following spells:

 Your Spells              Type           Power      Damage    Failure   Level
a - Foxfire               Conj/Fire      100%       2x1d9     1%          1
b - Scorch                Fire           68%        2d7       1%          2
c - Volatile Blastmotes   Fire/Tloc      68%        2d15      1%          3
d - Inner Flame           Hex/Fire       34%        N/A       1%          3
e - Flame Wave            Conj/Fire      34%        2d10      3%          4
f - Apportation           Tloc           68%        N/A       1%          1
g - Searing Ray           Conj           68%        2d6       1%          2
h - Momentum Strike       Conj/Tloc      68%        3d9       1%          2
i - Animate Armour        Summ/Erth      68%        N/A       3%          4
Your spell library was empty.

Dungeon Overview and Level Annotations

Branches:
Dungeon (9/15)             Temple (1/1) D:6           Sewer (visited)
   Lair: D:8-11         Orc: D:9-12

Altars:
Ashenzari
Cheibriados
Dithmenos
Elyvilon
Gozag
Okawaru
Ru
Trog
Uskayaw
Xom
Yredelemnul
The Shining One

Shops:
D:6 [*


Innate Abilities, Weirdness & Mutations

You are immune to sickness and miasma.
You are immune to poison.
Your flesh is very heat resistant. (rF++)
You are vulnerable to cold. (rC-)
You float through the air rather than walking.
You learn spells naturally, not from books.
Your magical power is your life essence.
You have superior vitality. (+4 MHP)
You are somewhat resistant to further mutation.
Your natural rate of healing is unusually fast.


Message History

The centaur warrior is moderately wounded.
The flame wave engulfs the yak.
The yak is severely wounded.
The flame wave engulfs the yak!
The yak is heavily wounded.
You finish channelling waves of flame.
The centaur warrior is no longer more vulnerable to fire.
The centaur warrior hits you! The centaur warrior misses you.
The centaur warrior hits you.
The centaur warrior kicks you but does no damage.
The yak gores you but does no damage. The yak closely misses you.
Casting: Flame Wave (dangerous; 4% risk of failure)
Confirm with . or Enter, or press ? or * to list all spells.
Casting: Flame Wave (dangerous; 4% risk of failure)
Press: ? - help, Dir - look around, f - activate A wave of flame ripples out!
The flame wave engulfs the yak.
The yak is severely wounded.
The flame wave engulfs the yak!
You kill the yak!
The flame wave engulfs the centaur warrior!
The centaur warrior is heavily wounded. (Press . to intensify the flame waves.)
The centaur warrior hits you! The centaur warrior barely misses you.
A wave of flame ripples out!
The flame wave engulfs the yak!
The yak is severely wounded.
The flame wave engulfs the yak!
You kill the yak!
The flame wave engulfs the centaur warrior!
The centaur warrior is severely wounded.
The flame wave engulfs the yak!
The yak is almost dead.
* * * LOW HITPOINT WARNING * * *
The centaur warrior hits you!
* * * LOW HITPOINT WARNING * * *
The centaur warrior completely misses you.
The centaur warrior hits you!
* * * LOW HITPOINT WARNING * * *
The centaur warrior kicks you but does no damage.
The yak gores you!
You die...

## .# .####### ## .......##### ..
...........# ##################..
......#+#..###..@Y......†........
......+ +......Y†c...............
......#+#........................
.................................
.................................
.................................
.................................
.................................
...###.#####################.###.


You could see a centaur warrior and 2 yaks.

Vanquished Creatures
  Jeremiah (D:6)
  A wyvern (D:7)
  4 yaks (D:9)
  Eustachio (D:5)
  2 orc warriors
  An ice beast (D:8)
  2 black bears
  4 ogres (D:5)
  A sky beast (D:6)
  A centaur (D:7)
  A wolf (D:6)
  2 phantoms
  2 bullfrogs
  3 gnoll sergeants (D:6)
  A scorpion (D:5)
  8 wights
  3 killer bees
  3 orc priests
  2 jellies (D:5)
  A quasit (D:7)
  3 gnoll boudas (D:6)
  11 hounds
  A sleepcap (D:6)
  Natasha (thrice) (D:4)
  An iguana (D:7)
  4 orc wizards
  29 gnolls
  10 adders
  4 river rats (Sewer)
  4 shadow imps
  6 white imps
  2 ufetubi (D:7)
  4 worms
  A dart slug (D:5)
  22 orcs
  8 bats
  9 endoplasms
  5 giant cockroaches
  9 goblins
  9 hobgoblins
  3 jackals (D:6)
  25 kobolds
  11 quokkas
  14 ball pythons
  A goblin skeleton (D:7)
  2 hobgoblin zombies (D:7)
  A kobold skeleton (D:7)
  2 kobold zombies (D:7)
  3 orc skeletons (D:7)
  An orc zombie (D:7)
  26 rats
278 creatures vanquished.

Vanquished Creatures (collateral kills)
  A killer bee (D:9)
  A jackal (D:6)
2 creatures vanquished.

Vanquished Creatures (others)
  379 foxfires
379 creatures vanquished.

Grand Total: 659 creatures vanquished

Notes
Turn   | Place    | Note
-------+----------+-------------------------------------------
     0 | D:1      | jlumianski the Djinni Fire Elementalist began the quest for
                  | the Orb.
     0 | D:1      | jlumianski set off with the following spells memorised:
                  | Foxfire, Scorch, Volatile Blastmotes, Inner Flame, Flame
                  | Wave.
     0 | D:1      | Reached XP level 1. HP: 15/15 MP: 0/0
   109 | D:1      | Reached XP level 2. HP: 20/21 MP: 0/0
   309 | D:1      | Reached XP level 3. HP: 23/26 MP: 0/0
   309 | D:1      | Learned a level 1 spell: Apportation
   637 | D:1      | Reached skill level 1 in Fighting
   637 | D:1      | Reached skill level 1 in Short Blades
   821 | D:2      | Reached XP level 4. HP: 14/32 MP: 0/0
  1195 | D:3      | Reached XP level 5. HP: 36/38 MP: 0/0
  1195 | D:3      | Learned a level 2 spell: Searing Ray
  1697 | D:3      | Noticed a phantom
  2095 | D:2      | Reached XP level 6. HP: 42/43 MP: 0/0
  2419 | D:5      | Entered Level 5 of the Dungeon
  2498 | D:5      | Reached XP level 7. HP: 49/49 MP: 0/0
  2498 | D:5      | Learned a level 2 spell: Momentum Strike
  2520 | D:5      | Found a glowing drain.
  2533 | Sewer    | Entered a sewer
  2611 | Sewer    | HP: 2/50 [river rat (6)]
  3625 | D:6      | Noticed Jeremiah
  3709 | D:4      | Noticed Natasha
  3713 | D:4      | Killed Natasha
  4194 | D:4      | Noticed Natasha
  4205 | D:4      | Killed Natasha
  4210 | D:4      | Noticed Natasha
  4216 | D:4      | Killed Natasha
  4743 | D:5      | Reached XP level 8. HP: 55/58 MP: 0/0
  4845 | D:5      | Gained mutation: Your natural rate of healing is unusually
                  | fast. [potion of mutation]
  4845 | D:5      | Gained mutation: You are somewhat resistant to further
                  | mutation. [potion of mutation]
  4877 | D:5      | Noticed Eustachio
  4892 | D:5      | Killed Eustachio
  5606 | D:6      | Reached skill level 5 in Fighting
  5636 | D:4      | Reached XP level 9. HP: 49/65 MP: 0/0
  5636 | D:4      | Learned a level 4 spell: Animate Armour
  5670 | D:6      | Found a staircase to the Ecumenical Temple.
  5708 | D:6      | Reached skill level 5 in Spellcasting
  5708 | D:6      | Reached skill level 5 in Conjurations
  5708 | D:6      | Reached skill level 5 in Hexes
  5708 | D:6      | Reached skill level 5 in Summonings
  5708 | D:6      | Reached skill level 5 in Necromancy
  5708 | D:6      | Reached skill level 5 in Translocations
  5708 | D:6      | Reached skill level 5 in Transmutations
  5708 | D:6      | Reached skill level 5 in Fire Magic
  5708 | D:6      | Reached skill level 5 in Ice Magic
  5708 | D:6      | Reached skill level 5 in Air Magic
  5708 | D:6      | Reached skill level 5 in Earth Magic
  5708 | D:6      | Reached skill level 5 in Poison Magic
  5724 | Temple   | Entered the Ecumenical Temple
  5798 | D:6      | Reached skill level 5 in Short Blades
  5833 | D:6      | Found Plog's Assorted Antiques.
  6525 | D:6      | Killed Jeremiah
  6526 | D:6      | Reached XP level 10. HP: 23/73 MP: 0/0
  6759 | D:6      | Found a hide-covered altar of Uskayaw.
  6761 | D:6      | Noticed a +0 falchion
  6762 | D:6      | Noticed a +0 short sword
  6762 | D:6      | Noticed a +0 spear
  6764 | D:6      | Noticed a +0 spear
  6769 | D:6      | Noticed a +0 dagger
  6770 | D:6      | Noticed a +0 falchion
  6770 | D:6      | Noticed a +0 dagger
  6771 | D:6      | Noticed a +0 short sword
  6805 | D:6      | Found Maifacw's Antique Armour Shoppe.
  6812 | D:6      | Bought an ancient leather armour for 133 gold pieces
  6812 | D:6      | Identified the +1 leather armour of Pacroj {rC++ SInv} (You
                  | bought it in a shop on level 6 of the Dungeon)
  7090 | D:7      | Reached skill level 5 in Dodging
  7209 | D:7      | Found a glowing golden altar of the Shining One.
  7530 | D:7      | Found a basalt altar of Yredelemnul.
  7657 | D:8      | Reached skill level 1 in Armour
  7858 | D:9      | Noticed a centaur warrior
  7871 | D:9      | HP: 3/76 [centaur warrior (10)]
  7871 | D:9      | Mangled by a yak

Illustrated notes

Levels and vault maps discovered:
D:1:      dpeg_arrival_ratfight, layout_loops_ring, minmay_tall_x
D:2:      layout_basic, minmay_close_crescents
D:3:      layout_rooms
D:4:      layout_loops_ring, uniq_natasha
D:5:      kennysheep_six_static_rooms, layout_basic, gup_sewer_entry_bubbles,
          uniq_eustachio
D:6:      layout_cave_pools, nicolae_uskayaw_en_pointe,
          minmay_temple_entry_slanted, serial_gnoll_camp, gnoll_camp_medium_01,
          gnoll_camp_mini_doghouse, gnoll_camp_mini_shop,
          gnoll_camp_mini_loothouse, gnoll_camp_mini_hut, gnoll_camp_huts_basic,
          serial_shops, nicolae_shop_overgrown_old_shop, item_on_display_a,
          uniq_jeremiah
D:7:      layout_cave_pools, mainiacjoe_overflow_six_doors_small,
          nicolae_tso_besieged_by_evil, serial_demonic, serial_demonic_a,
          serial_demonic_c, serial_demonic_e, serial_demonic_g
D:8:      layout_loops_ring, beargit_hepliaklqana_dungeon_heroes
D:9:      nzn_winding_woodlands_large [nzn_winding_woodlands_5x5_default,
          nzn_winding_woodlands_5x15_parted, nzn_winding_woodlands_hourglass,
          nzn_winding_woodlands_center_garden,
          nzn_winding_woodlands_15x15_boxy_spiral,
          nzn_winding_woodlands_center_lodge, nzn_winding_woodlands_5x5_default,
          nzn_winding_woodlands_5x15_sawtooth,
          nzn_winding_woodlands_5x5_open_star], layout_irregular_city,
          nicolae_overflow_hidden_temple, kennysheep_mini, nicolae_custom_books
Temple:   hellmonk_temple_forest_ring

Skill      XL: |  1  2  3  4  5  6  7  8  9 10 |
---------------+-------------------------------+-----
Spellcasting   | 4 6 |  6.6
Conjurations   | 4 6 |  6.6
Hexes          | 4 6 |  6.6
Summonings     | 4 6 |  6.6
Necromancy     | 4 6 |  6.6
Translocations | 4 6 |  6.6
Transmutations | 4 6 |  6.6
Fire Magic     | 4 6 |  6.6
Ice Magic      | 4 6 |  6.6
Air Magic      | 4 6 |  6.6
Earth Magic    | 4 6 |  6.6
Poison Magic   | 4 6 |  6.6
Fighting       | 1 2 3 5 6 7 |  7.8
Short Blades   | 1 2 3 4 6 7 |  7.2
Stealth        | 2 3 4 |  4.0
Dodging        | 3 4 5 |  5.2
Armour         | 1 |  1.8
Evocations     | |  0.4

Action                     |  1- 3 |  4- 6 |  7- 9 | 10-12 || total
---------------------------+-------+-------+-------+-------++-------
  Melee: Dagger            |    47 |    39 |    21 |       ||   107
         Punch             |       |     1 |     3 |     2 ||     6
         Short sword       |       |       |    81 |    98 ||   179
  Throw: Javelin           |       |       |     1 |       ||     1
   Cast: Foxfire           |    31 |    50 |   105 |    30 ||   216
         Apportation       |     2 |       |       |       ||     2
         Volatile Blastmot |       |     7 |    17 |     6 ||    30
         Scorch            |       |    10 |    64 |    21 ||    95
         Searing Ray       |       |       |     2 |       ||     2
         Animate Armour    |       |       |     6 |     6 ||    12
         Inner Flame       |       |       |     5 |       ||     5
         Flame Wave        |       |       |     2 |     5 ||     7
  Evoke: Wand              |       |       |     3 |       ||     3
    Use: Scroll            |     2 |     5 |     5 |     6 ||    18
         Potion            |       |       |     5 |     2 ||     7
   Stab: Sleeping          |     6 |     3 |     3 |     2 ||    14
         Distracted        |       |       |     1 |     1 ||     2
         Invisible         |       |       |     1 |       ||     1
 Armour: Robe              |    11 |    14 |    35 |     2 ||    62
         Leather armour    |       |       |       |    38 ||    38
  Dodge: Dodged            |    33 |    60 |   133 |   110 ||   336

Table legend: (Time is in decaauts)
 A = Elapsed time spent in this place.
 B = Non-inter-level travel time spent in this place.
 C = Inter-level travel time spent in this place.
 D = Time resting spent in this place.
 E = Time spent auto-exploring this place.
 F = Levels seen in this place.
 G = Mean time per level.
                   A        B        C        D        E       F      G
               +--------+--------+--------+--------+--------+-----+--------+
         Total |   7826 |   7599 |    227 |    828 |   3744 |  11 |  711.5 |
       Dungeon |   6896 |   6669 |    227 |    502 |   3518 |   9 |  766.2 |
        Temple |     49 |     49 |      0 |      0 |      0 |   1 |   49.0 |
         Sewer |    880 |    880 |      0 |    326 |    226 |   1 |  880.0 |
               +--------+--------+--------+--------+--------+-----+--------+

Top non-repeatable levels by time:
     D:5: 1506 daAuts
     D:2: 1324 daAuts
     D:6: 1063 daAuts
   Sewer: 880 daAuts
     D:1: 738 daAuts
     D:4: 728 daAuts
     D:3: 646 daAuts
     D:7: 580 daAuts
     D:8: 185 daAuts
     D:9: 122 daAuts
  Temple: 49 daAuts
